cohdb
Replays
Latest Replays
All Replays
Popular Replays
Top Player Replays
Match Explorer
How It Works
Community
CoH3 Stats
Reddit
Sign in to upload your games and track your stats! →
Sign in with Steam
Match 45173828
Unlisted
Match 45173828
Overview
Messages
Build Orders
End
Selects Italian Coastal Battlegroup
Selects Italian Coastal Battlegroup
Selects Italian Coastal Battlegroup
Selects Coastal Reserves
Coastal Reserve
Construct Infanterie Kompanie
Grenadier Squad
Coastal Reserve
MG 42 Machine Gun Team
Medical Station
Construct Luftwaffe Kompanie
Jäger Squad
221 Scout Car
Support Elements
Sniper
Wirbelwind Flakpanzer
Jäger Squad
烧花鸭烧雏鸡儿烧子鹅
^3
0
0
Comments
sign in to comment!
No comments posted yet!